Description

Took the replay from the link to get the supply counts and timing for the salt codes. Take no credit hope you enjoy.

VOD

https://www.youtube.com/watch?v=qOvjlFZF1NE&t=1122s

Build Order

Get SALT Encoding   

  12  0:00  Action  Overlord scout for Rax then to outside your Natural
  13  0:15  Overlord  Rally to 3rd then Scout the enemy base
  17  0:52  Hatchery  At Narutal
  18  1:08  Extractor  
  17  1:15  Spawning Pool  Next to Gas
  19  1:42  Overlord  Rally to the 3rd
  20  2:01  Queen x2  
  24  2:02  Zergling x4  Use for Reaper defense, leave at Ramp or Natural mineral line
  28  2:25  Hatchery  at 3rd
  29  2:37  Metabolic Boost  
  30  2:48  Pneumatized Carapace  Next 100 gas, pull 2 from gas
  31  2:53  Overlord  Rally to open air around your Main
  34  3:09  Action  After first Inject pops rally 2 Drones to gas, and Creep Tumor at Natural
  36  3:10  Queen  At Main
  40  3:30  Action  Scout with Overlord Speed
  44  3:37  Overlord  More vision around base
  44  3:19  Queen x2  At Natural & 3rd
  50  3:50  Baneling Nest  At Natural
  57  4:12  Zergling x14  Hellion defense
  64  4:27  Lair  At Main
  64  4:30  Spore Crawler x3  At each Mineral line
  68  4:50  Action  Overseer at Lair complete
  71  4:52  Overlord  More vision
  71  5:00  Evolution Chamber x2  At Main
  80  5:30  Zerg Ground Armor Level 1  Best upgrade if still unsure about enemy comp
  83  5:42  Extractor x4  
  84  5:46  Hatchery  At 4th
  88  6:00  Action  Once you defend the attack Drone, else its about army want around 70 Drones for this build
  88  6:10  Hydralisk Den  
  98  7:00  Muscular Augments, Zerg Missile Weapons Level 1, Centrifical Hooks  
  100  7:10  Action  Army from here keep on top of Injects and Creep. Try to catch the army on Creep or out of position.
Spawning Tool Build Advisor. Get it on Overwolf

Analysis

Its all about lots of economy and avoiding making units untill you get the right Drone count

Go to:

Details

  • Created by: hunter      
  • Published on: Apr 16, 2019
  • Modified on: Apr 28, 2019
  • Patch: 4.7.1
Show
View Real Time Build Order
Export as new Build Order

Comments (3)

On May 12, 2019, 10:57 p.m., webmaster  said:

well detailed write-up - thanks for the share!

On April 22, 2019, 3:06 p.m., hunter  said:

by that time you should 5 overlords for 40 supply and 3 hatches that should make 72 supply. not sure if that makes sense. I followed the build I saw on the replay so it should be fine... I look into it further though. Haven't used the SALT encoding yet.

On April 19, 2019, 8:45 a.m., haine92  said:

@44 supply, it says overlord but not how many. One isn't enough to continue since it gives 8 supply and if you count the hatch popping, it's enough to get 58 supply.

Create an account to comment!